 Dungeon Crawl Stone Soup version 0.19-a0-1025-g778f431 (webtiles) character file.

7004 4thArraOfDagon the Severer (level 10, -4/77 HPs)
             Began as a Minotaur Berserker on July 28, 2016.
             Was a Priest of Trog.
             Slain by a six-headed hydra (10 damage)
             ... on level 5 of the Lair of Beasts.
             The game lasted 00:11:18 (1969 turns).

4thArraOfDagon the Severer (Minotaur Berserker)     Turns: 1969, Time: 00:11:18

Health: -4/77      AC: 16    Str: 25    XL:     10   Next: 82%
Magic:  9/9        EV:  8    Int:  4    God:    Trog [***...]
Gold:   266        SH:  2    Dex: 10    Spells: 0 memorised, 9 levels left

rFire  . . .     SeeInvis .     e - +0 war axe
rCold  . . .     Gourm    .     n - +1 plate armour (curse)
rNeg   + . .     Faith    .     (no shield)
rPois  .         Spirit   .     (helmet restricted)
rElec  .         Dismiss  .     (no cloak)
rCorr  .         Reflect  +     (no gloves)
SustAt .         Harm     .     (no boots)
MR     .....                    m - +2 amulet of reflection
Stlth  ..........               (no ring)
                                C - ring of positive energy

@: lethally poisoned (-4 -> -7), exhausted, very slightly contaminated, slowed,
invisible, very slow, not resistant to hostile enchantments, extremely
unstealthy
A: retaliatory headbutt, horns 2
a: Berserk, Trog's Hand, Burn Spellbooks, Renounce Religion


You were on level 5 of the Lair of Beasts.
You worshipped Trog.
Trog was most pleased with you.
You were very hungry.

You visited 2 branches of the dungeon, and saw 17 of its levels.

You collected 317 gold pieces.
You spent 51 gold pieces at shops.

Inventory:

Hand Weapons
 a - a +0 hand axe
 e - a +0 war axe (weapon)
Armour
 b - a +0 animal skin
 g - a +0 chain mail
 n - a cursed +1 plate armour (worn)
 s - a +0 chain mail
 F - a +3 chain mail
Jewellery
 m - a +2 amulet of reflection (around neck)
 C - a ring of positive energy (left hand)
Wands
 v - a wand of disintegration (14/24)
 x - a wand of confusion (30/48)
 z - a wand of flame (39/48)
 D - a wand of digging (21/24)
Scrolls
 d - a scroll of noise {unknown}
 i - 3 scrolls of enchant armour
 o - a scroll of random uselessness {unknown}
 u - 2 scrolls of identify
 w - 2 scrolls of magic mapping {unknown}
 y - 2 scrolls of brand weapon {unknown}
 B - a scroll of blinking {unknown}
Potions
 f - 3 potions of flight
 h - 2 potions of curing
 j - a potion of cure mutation
 l - a potion of berserk rage
 q - a potion of invisibility
 A - 2 potions of mutation
 E - a potion of ambrosia {unknown}
 G - a potion of heal wounds {unknown}
Comestibles
 c - 2 bread rations
 r - a royal jelly
 t - 11 chunks of flesh


   Skills:
 - Level 3.6 Fighting
 * Level 15.6 Axes
 + Level 11.5 Armour
 - Level 2.1 Dodging


You had 9 spell levels left.
You didn't know any spells.

Dungeon Overview and Level Annotations

Branches:
Dungeon (12/15)              Lair (5/6) D:8           Swamp (0/4) Lair:4
  Snake (0/4) Lair:2
 Temple: D:4-7        Slime: Lair:5-6       Orc: D:9-12

Altars:
Ashenzari
Nemelex Xobeh
Pakellas

Shops:
D:5 *   D:6 *

Annotations:
D:5 Sigmund
D:9 4thArraOfDagon's ghost, novice MiBe
D:10 Urug
Lair:5 4thArraOfDagon's ghost, journeyman MiBe


Innate Abilities, Weirdness & Mutations

You reflexively headbutt those who attack you in melee.
You have a pair of horns on your head.


Message History

* * * LOW HITPOINT WARNING * * *
You block the six-headed hydra's attack.
The six-headed hydra closely misses you. 4thArraOfDagon's ghost hits the fungus!! 4thArraOfDagon's ghost freezes the fungus.
Found a scroll labeled LIAL BORYLEUDU.
Unknown command.
Unknown command.
You feel sick.
Unknown command.
Unknown command.
Unknown command.
You feel sick. The six-headed hydra barely misses you. You furiously retaliate!
You headbutt the six-headed hydra! The six-headed hydra bites you.
* * * LOW HITPOINT WARNING * * *
The six-headed hydra bites you.
* * * LOW HITPOINT WARNING * * *
The six-headed hydra bites you but does no damage.
The six-headed hydra bites you!
You die...

.#....##. .........
#. ?...... #.#..
......##.#..#
#...##.#.#..##W
#.⌠.#.....#..P. .
##..+.......P...
....##..D...%........
.......@.WP..........
....##...PP#..#P...
## #....##.## .#
#...##### #..P# #P.##
##.# #..


You could see a six-headed hydra and 4thArraOfDagon's ghost.

Vanquished Creatures
  A black mamba (Lair:1)
  2 komodo dragons
  A two-headed ogre (D:10)
  25 yaks
  2 water moccasins
  2 porcupines
  3 orc warriors
  An ice beast (D:8)
  An ogre (D:9)
  A centaur (D:9)
  A necrophage (D:10)
  A crocodile (Lair:5)
  5 giant frogs
  A giant frog zombie (D:6)
  A centaur zombie (D:9)
  A hound (D:5)
  2 orc priests (D:8)
  An orc wizard (D:8)
  3 centaur skeletons
  2 iguanas
  2 worker ants
  A howler monkey skeleton (D:8)
  3 adders
  An ooze (D:2)
  An adder skeleton (D:7)
  A worm (D:2)
  4 giant geckos
  8 orcs (D:8)
  A giant cockroach (D:1)
  2 goblins (D:3)
  A hobgoblin (D:3)
  15 jackals
  2 quokkas
  A ball python (D:3)
  2 bats
  3 kobolds
  A rat (D:1)
106 creatures vanquished.

Vanquished Creatures (others)
  A fungus (Lair:3)
  2 plants
3 creatures vanquished.

Grand Total: 109 creatures vanquished

Notes
Turn   | Place    | Note
-------+----------+-------------------------------------------
     0 | D:1      | 4thArraOfDagon the Minotaur Berserker began the quest for the Orb.
     0 | D:1      | Reached XP level 1. HP: 19/19 MP: 0/0
    14 | D:1      | Reached skill level 4 in Axes
    15 | D:1      | Reached XP level 2. HP: 26/26 MP: 1/1
    96 | D:2      | Reached XP level 3. HP: 19/31 MP: 2/2
   165 | D:3      | Reached skill level 5 in Axes
   166 | D:3      | Reached ** piety under Trog
   290 | D:4      | Found an oddly glowing altar of Pakellas.
   363 | D:5      | Entered Level 5 of the Dungeon
   385 | D:5      | Reached XP level 4. HP: 24/39 MP: 3/3
   422 | D:5      | Found Ydaptef's Assorted Antiques.
   430 | D:5      | Bought a scroll labeled AHOSE XIRRUH for 27 gold pieces
   430 | D:5      | Bought a fizzy ruby potion for 24 gold pieces
   444 | D:6      | Noticed a giant frog
   450 | D:6      | Killed a giant frog
   450 | D:6      | Reached skill level 6 in Axes
   450 | D:6      | Reached XP level 5. HP: 25/45 MP: 4/4
   520 | D:5      | Noticed Sigmund
   564 | D:6      | Found Ijyal's General Store.
   632 | D:8      | Noticed an orc warrior
   646 | D:8      | Killed an orc warrior
   646 | D:8      | Reached skill level 7 in Axes
   646 | D:8      | Reached skill level 5 in Armour
   646 | D:8      | Reached XP level 6. HP: 36/51 MP: 5/5
   701 | D:8      | Noticed an ice beast
   712 | D:8      | Reached skill level 8 in Axes
   712 | D:8      | Reached XP level 7. HP: 57/57 MP: 6/6
   748 | D:9      | Noticed 4thArraOfDagon's ghost (novice MiBe)
   765 | D:8      | Found a staircase to the Lair.
   765 | D:8      | Noticed a komodo dragon
   767 | D:8      | Sapher: it might be a good idea to not care about finding temple that much
   781 | D:8      | Killed a komodo dragon
   781 | D:8      | Reached skill level 9 in Axes
   806 | D:8      | Sapher: bacause i will find mapping scrolls later and will be able to search faster
   813 | Lair:1   | Entered Level 1 of the Lair of Beasts
   813 | Lair:1   | Noticed a death yak
   813 | Lair:1   | Noticed a death yak
   813 | Lair:1   | Noticed a death yak
   813 | Lair:1   | Noticed a death yak
   813 | Lair:1   | Noticed a death yak
   814 | Lair:1   | :O
   839 | D:8      | Reached XP level 8. HP: 64/64 MP: 7/7
   934 | D:8      | Reached skill level 10 in Axes
  1038 | D:9      | Reached skill level 11 in Axes
  1066 | D:9      | Reached XP level 9. HP: 54/70 MP: 8/8
  1079 | D:10     | Entered Level 10 of the Dungeon
  1079 | D:10     | Noticed Urug
  1134 | D:9      | You fall through a shaft for 3 floors!
  1163 | D:12     | Reached skill level 12 in Axes
  1254 | D:11     | Noticed a skeletal warrior
  1254 | D:11     | Noticed a skeletal warrior
  1294 | D:10     | Reached skill level 13 in Axes
  1368 | D:9      | Found a shattered altar of Ashenzari.
  1472 | Lair:1   | Noticed a komodo dragon
  1501 | Lair:1   | Killed a komodo dragon
  1501 | Lair:1   | Reached skill level 10 in Armour
  1502 | Lair:1   | Reached XP level 10. HP: 72/77 MP: 9/9
  1503 | Lair:1   | Reached *** piety under Trog
  1503 | Lair:1   | Reached skill level 14 in Axes
  1537 | Lair:1   | Noticed a black mamba
  1550 | Lair:1   | Killed a black mamba
  1589 | Lair:2   | Found a staircase to the Snake Pit.
  1631 | Lair:2   | Found a sparkling altar of Nemelex Xobeh.
  1754 | Lair:2   | Reached skill level 15 in Axes
  1919 | Lair:4   | Found a staircase to the Swamp.
  1954 | Lair:5   | Noticed a black mamba
  1961 | Lair:5   | Noticed 4thArraOfDagon's ghost (journeyman MiBe)
  1961 | Lair:5   | Noticed a six-headed hydra
  1969 | Lair:5   | Slain by a six-headed hydra

Vault maps used:
D:1:      dpeg_arrival_arbitrary_c
D:2:      wad_pebble_path, led_sif_pool, gammafunk_temple_overflow_pools,
          lightli_temple_of_fire
D:3:      nemelex_xobeh_ov_fountains_minmay, lemuel_round_altar,
          minmay_stone_trees_small, grunt_ministairs_11,
          kennysheep_generic_room_8
D:4:      kennysheep_mini, kennysheep_little_box, kennysheep_mini_moat,
          first_bread, serial_shops, shop
D:5:      lemuel_ratsnest, nicolae_overflow_crystal_walls, serial_shops, shop,
          shop, hangedman_decor_opposing, uniq_menkaure,
          uniq_crazy_yiuf_cottage, uniq_edmund, uniq_sigmund
D:6:      lemuel_doored_altar, serial_shops, shop, shop
D:7:      lemuel_crystal_altar
D:8:      old_standard_altar, david_lair_shrubbed, minmay_misc_feat_pillars
D:9:      basic_altar, wad_hexagon
D:10:     orc_david_3, uniq_urug
D:11:     minmay_stone_trees_medium, minmay_misc_feat_chi
D:12:     boulder_indie, hangedman_little_slice_of_home
Lair:1:   grunt_megastairs_1
Lair:2:   guppyfry_snake_entry_island, basic_altar, uniq_gastronok, uniq_erica
Lair:4:   swamp_mist
Lair:5:   grunt_megastairs_5

Skill      XL: |  1  2  3  4  5  6  7  8  9 10 |
---------------+-------------------------------+-----
Axes           | 4 5 6 7 8 9 11 13 15 | 15.6
Armour         | 3 4 5 6 8 10 11 | 11.5
Fighting       | |  3.6
Dodging        | |  2.1

Action                   |  1- 3 |  4- 6 |  7- 9 | 10-12 || total
-------------------------+-------+-------+-------+-------++-------
Melee: Hand axe          |    69 |    52 |    26 |       ||   147
       Headbutt          |    11 |     9 |    31 |    10 ||    61
       War axe           |       |       |    76 |    69 ||   145
Invok: Berserk           |     3 |     2 |     6 |     3 ||    14
       Trog's Hand       |       |     1 |     3 |     1 ||     5
       Burn Spellbooks   |       |       |       |     1 ||     1
  Use: Scroll            |       |       |     7 |     3 ||    10
       Potion            |       |       |       |     1 ||     1
  Eat: Chunk             |       |     4 |    10 |     5 ||    19
Armor: Animal skin       |     9 |       |       |       ||     9
       Chain mail        |    17 |       |       |       ||    17
       Plate armour      |       |    35 |    56 |    22 ||   113
Dodge: Dodged            |    43 |    17 |    45 |    24 ||   129
Block: Other             |       |     2 |     5 |     2 ||     9
